 Dungeon Crawl Stone Soup version 0.26-a0-466-g989023bd0d (webtiles) character file.

Game seed: 1479209043588008505

14033 Apogee the Grappler (level 11, -5/115 HPs)
             Began as a Troll Warper on July 30, 2020.
             Was an Initiate of Gozag.
             Slain by a nine-headed hydra (7 damage)
             ... on level 12 of the Dungeon.
             The game lasted 00:23:18 (11975 turns).

Apogee the Grappler (Troll Warper)                 Turns: 11975, Time: 00:23:19

Health: -5/115     AC:  7    Str: 24    XL:     11   Next: 83%
Magic:  9/11       EV:  9    Int:  9    God:    Gozag
Gold:   2554       SH:  5    Dex:  9    Spells: 9/12 levels left

rFire    . . .     SeeInvis .     - Unarmed
rCold    . . .     Faith    .   (no shield)
rNeg     . . .     Spirit   .   i - +0 swamp dragon scales
rPois    +         Reflect  +   (helmet restricted)
rElec    .         Harm     .   A - scarf {+Inv}
rCorr    .                      (gloves unavailable)
MR       .....                  (boots unavailable)
Stlth    ..........             e - amulet of reflection
HPRegen  0.69/turn              (no ring)
MPRegen  0.12/turn              (no ring)

@: gold aura, very slightly contaminated, invisible
A: large, unfitting armour, claws 3, deformed body, regeneration 1, shaggy fur
1, tough skin 3
a: Potion Petition, Call Merchant, Bribe Branch, Renounce Religion


You were on level 12 of the Dungeon.
You worshipped Gozag.
Gozag was most pleased with you.
You visited 1 branch of the dungeon, and saw 12 of its levels.

You collected 2586 gold pieces.
You paid 32 gold pieces to Gozag.

Inventory:

Hand Weapons
 N - a +0 hunting sling
   (You found it on level 3 of the Dungeon)
Missiles
 v - 224 stones
 z - a throwing net {!f}
 H - 5 boomerangs of dispersal (quivered) {!f}
 K - 6 boomerangs
Armour
 a - a +1 robe
 i - +0 swamp dragon scales (worn)
   (You took it off Maggie on level 9 of the Dungeon)
 A - a scarf of invisibility (worn)
   (You found it on level 5 of the Dungeon)
Jewellery
 e - an amulet of reflection (around neck)
   (You found it on level 1 of the Dungeon)
 o - an uncursed ring of flight
   (You found it on level 2 of the Dungeon)
 C - a cursed ring of teleportation {unknown}
   (You found it on level 7 of the Dungeon)
 I - an uncursed amulet of faith {unknown}
   (You found it on level 6 of the Dungeon)
Wands
 d - a wand of iceblast (8)
   (You took it off a wight on level 6 of the Dungeon)
 q - a wand of enslavement (8)
   (You found it on level 3 of the Dungeon)
 u - a wand of paralysis (10)
   (You found it on level 10 of the Dungeon)
 x - a wand of acid (10)
   (You found it on level 7 of the Dungeon)
 M - a wand of clouds (17)
   (You found it on level 9 of the Dungeon)
Scrolls
 c - a scroll of blinking
 f - 3 scrolls of enchant armour
 g - 4 scrolls of random uselessness
 h - 10 scrolls of teleportation {@r4}
 j - 2 scrolls of immolation {unknown}
 m - 11 scrolls of identify {@r1}
 n - 3 scrolls of amnesia
 r - 4 scrolls of magic mapping {unknown}
 y - 3 scrolls of enchant weapon {unknown}
 D - a scroll of brand weapon {unknown}
 F - 4 scrolls of remove curse {@r2}
 G - a scroll of fear {unknown}
 J - 3 scrolls of noise {unknown}
 L - a scroll of fog {unknown}
Potions
 b - 7 potions of curing {@q1}
 k - a potion of invisibility {unknown}
 p - 3 potions of haste {unknown}
 s - 3 potions of brilliance {unknown}
 t - 4 potions of lignification {unknown}
 w - 3 potions of stabbing {unknown}
 B - a potion of flight {unknown}
 E - 3 potions of mutation {unknown}
 O - a potion of heal wounds {@q2}


   Skills:
 + Level 9.5 Fighting
 - Level 0.8 Throwing
 - Level 1.9 Dodging
 * Level 14.9 Unarmed Combat
 - Level 1.2 Spellcasting
 - Level 2.1 Translocations
 + Level 1.8 Evocations


You had 9 spell levels left.
You knew the following spells:

 Your Spells              Type           Power        Failure   Level
b - Blink                 Tloc           N/A          34%         2
c - Apportation           Tloc           #.....       22%         1

Your spell library contained the following spells:

 Spells                   Type           Power        Failure   Level
 Animate Skeleton         Necr           #.....       50%         1
 Corona                   Hex            #......      50%         1
 Sandblast                Erth           #.....       50%         1
 Summon Small Mammal      Summ           #...         50%         1
 Gell's Gravitas          Tloc           #.........   56%         3
 Lesser Beckoning         Tloc           #.........   56%         3
 Teleport Other           Tloc           #.......     56%         3
 Passwall                 Tmut/Erth      #.......     65%         2
 Stone Arrow              Conj/Erth      #.....       86%         3
 Passage of Golubria      Tloc           N/A          92%         4
 Petrify                  Tmut/Erth      #.......     99%         4
 Lee's Rapid Deconstruct  Erth           #.........   100%        5


Dungeon Overview and Level Annotations

Branches:
Dungeon (12/15)            Temple (0/1) D:7            Lair (0/6) D:9
    Orc (0/2) D:9

Altars:
Ashenzari
Cheibriados
Dithmenos
Elyvilon
Gozag
Hepliaklqana
Kikubaaqudgha
Makhleb
Nemelex Xobeh
Okawaru
Ru
Vehumet
Wu Jian
Yredelemnul
The Shining One

Shops:
D:4 *

Annotations:
D:6 1 runed translucent door


Innate Abilities, Weirdness & Mutations

You are too large for most types of armour.
You have claws for hands.
Your natural rate of healing is unusually fast.
You are covered in fur. (AC +1)
You have extremely tough skin. (AC +3)
Armour fits poorly on your strangely shaped body.


Message History

You fail to use your ability.
The seven-headed hydra bites you.
The seven-headed hydra completely misses you.
The seven-headed hydra barely misses you.
You block the seven-headed hydra's attack. x2
The seven-headed hydra bites you but does no damage. x2
Unknown command.
Unknown command.
Unknown command.
Aim: a seven-headed hydra (moderately wounded, covered in acid)
You create a blast of poison gas!
The seven-headed hydra closely misses you.
The seven-headed hydra barely misses you.
The seven-headed hydra bites you.
The seven-headed hydra barely misses you.
The seven-headed hydra bites you!
The seven-headed hydra closely misses you.
The seven-headed hydra bites you!
* * * LOW HITPOINT WARNING * * *
You fade into invisibility!
You are very lightly contaminated with residual magic.
The seven-headed hydra barely misses you.
The seven-headed hydra bites you!
* * * LOW HITPOINT WARNING * * *
The seven-headed hydra bites you.
* * * LOW HITPOINT WARNING * * *
The seven-headed hydra bites you but does no damage.
The seven-headed hydra bites you.
* * * LOW HITPOINT WARNING * * *
The seven-headed hydra bites you!
* * * LOW HITPOINT WARNING * * *
The seven-headed hydra completely misses you.
You strike the helpless seven-headed hydra from behind!
You tear one of the seven-headed hydra's heads off!
The six-headed hydra grows two more!
You scratch the eight-headed hydra.
The eight-headed hydra becomes distracted by the nearby gold, dreaming of imaginary riches.
The eight-headed hydra roars!
You claw one of the eight-headed hydra's heads off!
The seven-headed hydra grows two more!
You scratch the nine-headed hydra.
The nine-headed hydra is no longer distracted by gold.
The nine-headed hydra bites you.
* * * LOW HITPOINT WARNING * * *
The nine-headed hydra bites you!
* * * LOW HITPOINT WARNING * * *
The nine-headed hydra bites you.
* * * LOW HITPOINT WARNING * * *
The nine-headed hydra bites you.
* * * LOW HITPOINT WARNING * * *
The nine-headed hydra bites you!
You die...
Your body crumbles into a pile of gold.

#. (# ##.#####.#
........#
....>..# #.(...#
#.....# #..$..#
#####..§########
#......§§§§.D@.#
...###..§######.#
# ##$## #.# ###
#.#######.##
.....#^.........#
#....?.....#...#
#.#.#.####.#...#
#.#.####.#.#(# .
... ...#.#.#


You could see a nine-headed hydra (corroded).

Vanquished Creatures
  A centaur warrior (D:10)
  A two-headed ogre (D:12)
  A skeletal warrior (D:11)
  An orc knight (D:10)
  2 cyclopes
  A black mamba (shapeshifter) (D:11)
  Maurice (D:9)
  A gargoyle (D:11)
  Maggie (D:9)
  2 trolls
  2 hippogriffs
  3 wraiths
  A shadow (D:11)
  A spriggan (D:8)
  7 yaks
  Eustachio (D:4)
  A human (shapeshifter) (D:10)
  A steam dragon (D:12)
  A basilisk (D:11)
  3 wargs (D:9)
  2 soldier ants
  An acid dragon (D:11)
  2 water moccasins (D:9)
  3 orc warriors
  6 ice beasts
  2 sky beasts (D:9)
  3 black bears
  4 phantoms
  2 centaurs
  7 ogres
  A crocodile (D:10)
  2 big kobolds
  3 bullfrogs
  5 scorpions
  9 killer bees (D:10)
  2 howler monkeys (D:7)
  7 wights
  A quasit (D:8)
  A bullfrog zombie (D:8)
  5 orc priests
  4 jellies
  A gnoll shaman (D:4)
  10 hounds
  4 bullfrog skeletons
  An iron imp (D:7)
  18 orc wizards
  6 iguanas
  7 worker ants
  A killer bee zombie (D:9)
  3 worker ant zombies
  11 gnolls
  12 adders
  A shadow imp (D:8)
  4 white imps
  2 oozes
  3 ufetubi
  An adder skeleton (D:9)
  An adder zombie (D:6)
  3 worms (D:2)
  5 dart slugs
  8 leopard geckos
  32 orcs
  6 bats
  2 giant cockroaches
  7 goblins
  10 hobgoblins
  18 jackals
  17 kobolds
  4 quokkas
  A frilled lizard (D:1)
  A jackal skeleton (D:5)
  A jackal zombie (D:6)
  A leopard gecko zombie (D:7)
  7 rats
314 creatures vanquished.

Vanquished Creatures (collateral kills)
  A wight (D:6)
  A quokka zombie (D:6)
2 creatures vanquished.

Vanquished Creatures (others)
  2 kobolds (D:9)
2 creatures vanquished.

Grand Total: 318 creatures vanquished

Notes
Turn   | Place    | Note
-------+----------+-------------------------------------------
     0 | D:1      | Apogee the Troll Warper began the quest for the Orb.
     0 | D:1      | Reached XP level 1. HP: 19/19 MP: 1/1
   133 | D:1      | Reached XP level 2. HP: 28/28 MP: 2/2
   299 | D:1      | Reached skill level 3 in Unarmed Combat
   444 | D:1      | Reached XP level 3. HP: 34/35 MP: 3/3
  1065 | D:2      | Reached XP level 4. HP: 36/44 MP: 4/4
  1115 | D:2      | Found an opulent altar of Gozag.
  1161 | D:2      | Learned a level 2 spell: Blink
  2003 | D:2      | Became a worshipper of Gozag Ym Sagoz the Greedy
  2078 | D:2      | Reached skill level 4 in Unarmed Combat
  2372 | D:2      | Reached XP level 5. HP: 44/50 MP: 5/5
  3200 | D:4      | Found Quukk's Mayhem Merchandise.
  3214 | D:4      | Reached skill level 5 in Unarmed Combat
  3328 | D:3      | Reached XP level 6. HP: 51/61 MP: 6/6
  3424 | D:4      | Found a burning altar of Makhleb.
  3483 | D:4      | Reached skill level 6 in Unarmed Combat
  3503 | D:4      | Reached XP level 7. HP: 62/68 MP: 7/7
  3737 | D:4      | Noticed Eustachio
  3749 | D:4      | Killed Eustachio
  3811 | D:4      | Reached skill level 7 in Unarmed Combat
  4106 | D:5      | Entered Level 5 of the Dungeon
  4130 | D:5      | Found an ancient bone altar of Kikubaaqudgha.
  4496 | D:5      | Reached XP level 8. HP: 78/79 MP: 8/8
  4550 | D:5      | Found a glowing golden altar of the Shining One.
  4645 | D:5      | Reached skill level 8 in Unarmed Combat
  4671 | D:5      | Found a sparkling altar of Nemelex Xobeh.
  4930 | D:5      | Learned a level 1 spell: Apportation
  5206 | D:6      | Found a runed translucent door.
  5229 | D:6      | Reached skill level 5 in Fighting
  5232 | D:6      | Found a basalt altar of Yredelemnul.
  5595 | D:7      | Found a staircase to the Ecumenical Temple.
  5603 | D:7      | Reached skill level 9 in Unarmed Combat
  5852 | D:7      | Found an iron altar of Okawaru.
  5934 | D:7      | Reached XP level 9. HP: 64/89 MP: 9/9
  5989 | D:7      | Reached skill level 10 in Unarmed Combat
  6140 | D:7      | Found a snail-covered altar of Cheibriados.
  6499 | D:8      | Found an opulent altar of Gozag.
  6627 | D:8      | Noticed a troll
  6959 | D:8      | Killed a troll
  7027 | D:9      | Found a staircase to the Orcish Mines.
  7472 | D:8      | Found a radiant altar of Vehumet.
  7481 | D:8      | Found a hazy altar of Hepliaklqana.
  7485 | D:8      | Found an ornate altar of the Wu Jian Council.
  7604 | D:8      | Reached skill level 11 in Unarmed Combat
  8269 | D:9      | Reached XP level 10. HP: 99/102 MP: 10/10
  8335 | D:9      | Reached skill level 12 in Unarmed Combat
  8416 | D:9      | Noticed Maurice
  8493 | D:9      | Noticed Maggie
  8539 | D:9      | Killed Maggie
  8671 | D:9      | Found a staircase to the Lair.
  8757 | D:9      | Found a shadowy altar of Dithmenos.
  9079 | D:10     | Entered Level 10 of the Dungeon
  9440 | D:10     | Noticed a centaur warrior
  9515 | D:10     | Reached skill level 13 in Unarmed Combat
  9575 | D:10     | Found a sacrificial altar of Ru.
  9633 | D:10     | Killed a centaur warrior
  9916 | D:9      | Killed Maurice
  9916 | D:9      | Reached XP level 11. HP: 71/113 MP: 11/11
 10040 | D:9      | Found a white marble altar of Elyvilon.
 10110 | D:9      | Found a basalt altar of Yredelemnul.
 10607 | D:11     | Noticed a skeletal warrior
 10609 | D:11     | Noticed a death knight
 10744 | D:10     | Reached skill level 14 in Unarmed Combat
 11015 | D:11     | Found a shattered altar of Ashenzari.
 11333 | D:11     | Killed a skeletal warrior
 11356 | D:10     | Noticed an orc knight
 11373 | D:10     | Killed an orc knight
 11410 | D:11     | Gained mutation: Armour fits poorly on your strangely
                  | shaped body. [mutagenic glow]
 11782 | D:12     | Noticed a two-headed ogre
 11789 | D:12     | Killed a two-headed ogre
 11789 | D:12     | Reached skill level 1 in Evocations
 11961 | D:12     | Noticed a seven-headed hydra
 11975 | D:12     | HP: 5/115 [nine-headed hydra (6)]
 11975 | D:12     | HP: 2/115 [nine-headed hydra (3)]
 11975 | D:12     | Slain by a nine-headed hydra

Illustrated notes

Levels and vault maps discovered:
D:1:      lightli_arrival_lavapool, layout_basic, dk_noncrumbling_3,
          minmay_misc_feat_x, minmay_tromino_v7
D:2:      layout_loops_ring, lemuel_altar_in_water
D:3:      layout_rooms
D:4:      minmay_general_purpose_star, layout_cave_pools, kennysheep_mini,
          minmay_shop_mayhem, uniq_eustachio
D:5:      layout_basic, nicolae_overflow_crystal_walls, lemuel_round_altar,
          basic_altar, hangedman_decor_lopped, minmay_misc_feat_five
D:6:      layout_rooms, serial_glass, glass_columns_a, glass_columns_b,
          due_unseen_surprise, minmay_strange_pillars, dk_yredelemnul_ordeal
D:7:      layout_cave_pools, old_standard_altar,
          minmay_temple_entry_purple_smoke, chei_slow_surprise
D:8:      layout_gridville, grunt_gozag_breadcrumbs,
          minmay_overflow_temple_star_quad, the_bakery
D:9:      minmay_flawed_box, layout_rooms, kennysheep_ying_yang,
          erik_lair_orcish_takeover, david_orc_3, basic_altar, uniq_maurice,
          uniq_maggie
D:10:     layout_roguey, basic_altar, columned_hall_lemuel, grunt_tough_drop
D:11:     layout_cave_pools, basic_altar
D:12:     layout_loops_ring, basic_altar

Skill      XL: |  1  2  3  4  5  6  7  8  9 10 11 |
---------------+----------------------------------+-----
Fighting       | 2 3 4 5 7 8 9 |  9.5
Unarmed Combat | 3 4 5 6 7 9 11 13 14 | 14.9
Evocations     | 1 |  1.8
Throwing       | |  0.8
Dodging        | |  1.9
Spellcasting   | |  1.2
Translocations | |  2.1

Action                   |  1- 3 |  4- 6 |  7- 9 | 10-12 || total
-------------------------+-------+-------+-------+-------++-------
Melee: Unarmed           |    86 |   171 |   369 |   380 ||  1006
       Punch             |       |     3 |     9 |    19 ||    31
 Cast: Blink             |       |    28 |       |     3 ||    31
 Abil: Evoke Flight      |       |     1 |       |       ||     1
       Evoke Invisibilit |       |       |       |     4 ||     4
Evoke: Wand              |       |       |     7 |     8 ||    15
  Use: Scroll            |       |       |     7 |     1 ||     8
       Potion            |       |       |       |     6 ||     6
 Stab: Distracted        |       |       |     1 |     4 ||     5
       Invisible         |       |       |       |     3 ||     3
Armor: Robe              |    19 |    71 |   105 |     4 ||   199
       Swamp dragon scal |       |       |       |   137 ||   137
Dodge: Dodged            |    32 |   100 |   200 |   148 ||   480
Block: Other             |       |       |    55 |    72 ||   127
       Reflection        |       |       |     4 |     7 ||    11

Table legend: (Time is in decaauts)
 A = Elapsed time spent in this place.
 B = Non-inter-level travel time spent in this place.
 C = Inter-level travel time spent in this place.
 D = Time resting spent in this place.
 E = Time spent auto-exploring this place.
 F = Levels seen in this place.
 G = Mean time per level.
                   A        B        C        D        E       F      G
               +--------+--------+--------+--------+--------+-----+--------+
         Total |  11823 |  11221 |    602 |   2037 |   6143 |  12 |  985.2 |
       Dungeon |  11823 |  11221 |    602 |   2037 |   6143 |  12 |  985.2 |
               +--------+--------+--------+--------+--------+-----+--------+

Top non-repeatable levels by time:
     D:8: 1761 daAuts
     D:2: 1672 daAuts
    D:10: 1520 daAuts
     D:9: 1191 daAuts
     D:1: 965 daAuts
     D:5: 863 daAuts
    D:11: 848 daAuts
     D:4: 756 daAuts
     D:7: 726 daAuts
     D:3: 691 daAuts
     D:6: 602 daAuts
    D:12: 223 daAuts
